AoeStats
← eugenioragni1

Arena

508680209Analyzed
4v4 RM · 7d ago on Sep 23, 2026· 82m 22s· 8 players
Game mode
Random Map
Map size
Large (8 player)
Population
200
Speed
Normal
Resources
Standard
Victory
Conquest
Starting age
Dark Age
Ending age
Imperial Age
RankedLock teamsTeams togetherTeam positionsShared explorationLock speedFull tech treeHidden civsTurbo modeCheats
Victory
Defeat
🇵🇹 Italians · Portugal
853
+46
🇺🇸 Danes · United States
850
+18
🇮🇹 Khitans · Italy
814
+19
🇫🇷 Saracens · France
802
+19
🇨🇳 Franks · China
919
-20
🇮🇩 Vikings · Indonesia
917
-20
🇨🇳 Huns · China
856
-17
🇨🇦 Danes · Canada
835
-16
Reclaimer
0:30 Loom
12:25 Feudal Age
12:52 Horse Collar
13:00 Double-Bit Axe
14:00 Gold Mining
19:21 Castle Age
17:34 Stone Mining
17:44 Gold Mining
18:14 Fletching
18:25 Padded Archer Armor
19:21 Wheelbarrow
20:08 Heavy Plow
20:25 Bow Saw
22:16 Leather Archer Armor
25:16 Bodkin Arrow
25:34 Squires
26:16 Ballistics
26:31 Thumb Ring
26:39 Arson
27:31 Forging
29:27 Stone Shaft Mining
29:18 Silk Road
30:36 Caravan
41:01 Imperial Age
38:54 Hand Cart
38:55 Treadmill Crane
39:26 Masonry
39:05 Town Watch
42:45 Chemistry
41:31 Arrowslits
42:13 Conscription
42:24 Crop Rotation
43:16 Two-Man Saw
42:49 Ring Archer Armor
42:20 Bracer
42:38 Pirotechnia
46:57 Hoardings
47:26 Man-at-Arms
49:00 Architecture
48:25 Murder Holes
48:41 Fortified Wall
48:52 Bombard Tower
49:40 Long Swordsman
51:35 Iron Casting
51:01 Scale Mail Armor
51:26 Town Patrol
55:11 Blast Furnace
54:32 Chain Mail Armor
56:20 Elite Genoese Crossbowman
59:00 Guard Tower
59:43 Plate Mail Armor
77:41 Spies/Treason
abou
0:29 Loom
12:37 Feudal Age
14:07 Wheelbarrow
13:18 Town Watch
13:29 Double-Bit Axe
23:02 Castle Age
26:14 Stone Mining
34:12 Bimaristan
36:31 Bloodlines
43:49 Hand Cart
54:35 Sanctity
75:58 Horse Collar
DitchFish6084
2:30 Loom
9:37 Feudal Age
10:12 Double-Bit Axe
10:08 Horse Collar
17:47 Castle Age
18:38 Bow Saw
21:25 Stone Mining
22:50 Heavy Plow
23:21 Gold Mining
27:12 Gold Shaft Mining
27:17 Stone Shaft Mining
27:19 Wheelbarrow
28:33 Forging
28:24 Scale Mail Armor
28:14 Fletching
29:09 Ballistics
31:59 Imperial Age
29:49 Hand Cart
31:02 Iron Casting
30:45 Chain Mail Armor
31:00 Town Watch
32:01 Hamask
33:51 Blast Furnace
33:21 Plate Mail Armor
32:47 Bodkin Arrow
33:26 Conscription
33:11 Elite Jomsviking
34:36 Arson
34:52 Squires
35:31 Hoardings
36:33 Town Patrol
39:53 Elite Varangian Guard
43:07 Bracer
44:14 Chemistry
43:25 Masonry
43:11 Murder Holes
78:07 Spies/Treason
eugenioragni1
10:06 Feudal Age
12:54 Wheelbarrow
19:17 Castle Age
19:05 Forging
18:56 Scale Mail Armor
20:52 Iron Casting
26:07 Double-Bit Axe
26:49 Stone Mining
30:42 Fletching
32:04 Chain Mail Armor
32:49 Gambesons
41:11 Imperial Age
38:50 Lamellar Armor
40:46 Gold Mining
41:17 Hand Cart
44:20 Bow Saw
44:31 Bodkin Arrow
44:36 Padded Archer Armor
46:20 Scale Barding Armor
45:53 Elite Steppe Lancer
46:37 Husbandry
47:21 Chain Barding Armor
63:34 Plate Barding Armor
64:42 Two-Man Saw
68:49 Ordo Cavalry
68:19 Light Cavalry
71:09 Hussar
75:06 Conscription
78:27 Spies/Treason
Hemikoo
1:06 Loom
11:39 Feudal Age
17:25 Castle Age
17:00 Double-Bit Axe
22:39 Stone Mining
23:42 Bow Saw
25:21 Forging
25:11 Scale Mail Armor
30:18 Imperial Age
30:04 Chieftains
30:24 Squires
29:45 Pikeman
32:18 Capped Ram
34:22 Siege Ram
38:52 Chain Mail Armor
39:49 Arson
43:56 Crossbowman
43:57 Elite Skirmisher
44:53 Gold Mining
45:38 Plate Mail Armor
45:43 Iron Casting
44:49 Arbalester
47:24 Elite Varangian Guard
53:05 Blast Furnace
51:56 Fletching
52:06 Padded Archer Armor
58:52 Man-at-Arms
64:51 Two-Man Saw
66:29 Scale Barding Armor
68:42 Gold Shaft Mining
John
5:28 Loom
9:41 Feudal Age
11:03 Double-Bit Axe
13:23 Horse Collar
18:55 Castle Age
17:18 Stone Mining
18:04 Gold Mining
18:35 Scale Mail Armor
19:30 Wheelbarrow
19:59 Forging
20:51 Gold Shaft Mining
23:39 Gambesons
24:59 Squires
24:46 Arson
27:53 Chain Mail Armor
29:06 Iron Casting
29:25 Heavy Plow
33:04 Hand Cart
40:32 Pikeman
42:09 Hamask
47:01 Imperial Age
47:28 Halberdier
47:29 Elite Varangian Guard
48:10 Man-at-Arms
49:56 Conscription
51:17 Long Swordsman
52:09 Thumb Ring
51:25 Cranequins
51:26 Heavy Mounted Crossbowman
55:35 Padded Archer Armor
56:14 Murder Holes
55:53 Two-Handed Swordsman
56:46 Fletching
58:24 Champion
61:51 Plate Mail Armor
61:42 Husbandry
61:03 Light Cavalry
61:47 Bodkin Arrow
63:36 Scale Barding Armor
63:31 Heavy Scorpion
65:16 Masonry
LV小吕
12:18 Feudal Age
13:28 Double-Bit Axe
17:50 Castle Age
16:24 Horse Collar
17:13 Stone Mining
21:41 Heavy Plow
22:47 Gold Mining
24:00 Wheelbarrow
27:14 Marauders
27:58 Husbandry
30:54 Imperial Age
29:25 Squires
28:47 Man-at-Arms
29:14 Arson
30:01 Forging
29:51 Scale Mail Armor
29:58 Scale Barding Armor
30:10 Bloodlines
30:36 Hand Cart
30:06 Long Swordsman
31:41 Gold Shaft Mining
33:15 Iron Casting
32:18 Two-Handed Swordsman
33:40 Conscription
35:51 Blast Furnace
35:14 Chain Mail Armor
38:39 Town Watch
39:40 Chain Barding Armor
39:52 Parthian Tactics
38:49 Heavy Cavalry Archer
43:25 Chemistry
42:48 Fletching
48:29 Elite Tarkan
52:22 Plate Barding Armor
51:43 Bodkin Arrow
58:56 Caravan
59:34 Town Patrol
60:30 Ballistics
62:48 Bracer
66:59 Light Cavalry
68:00 Hussar
story
10:04 Loom
12:21 Feudal Age
16:44 Castle Age
14:57 Double-Bit Axe
18:24 Bow Saw
23:10 Husbandry
30:45 Imperial Age
28:01 Town Watch
29:20 Wheelbarrow
30:25 Hand Cart
30:11 Town Patrol
32:02 Conscription
32:20 Cavalier
33:10 Scale Barding Armor
33:16 Forging
35:18 Gold Mining
35:18 Stone Mining
35:20 Paladin
37:26 Gold Shaft Mining
40:53 Chain Barding Armor
41:09 Iron Casting
43:44 Plate Barding Armor
44:37 Blast Furnace
49:04 Padded Archer Armor
48:55 Fletching
49:06 Scale Mail Armor
52:31 Leather Archer Armor
52:44 Fortified Wall
53:35 Chemistry
53:34 Chain Mail Armor
53:15 Bodkin Arrow
55:43 Plate Mail Armor
55:08 Bodkin Arrow
61:02 Elite Skirmisher
62:10 Light Cavalry
68:19 Cranequins
68:25 Heavy Mounted Crossbowman
Connection lost

Rejoining the realm…

Still unreachable

The connection could not be restored.

Session expired

The server has moved on; the page needs a fresh start.